 Dungeon Crawl Stone Soup version 0.21.1-1-g345015f (webtiles) character file.

2232 teroshan the Cleaver (level 9, -3/68 HPs)
             Began as a Human Berserker on Apr 30, 2018.
             Was a Priest of Trog.
             Killed from afar by an electric eel (13 damage)
             ... with a bolt of electricity
             ... on level 6 of the Dungeon.
             The game lasted 00:47:38 (7780 turns).

teroshan the Cleaver (Human Berserker)              Turns: 7780, Time: 00:47:38

Health: -3/68      AC: 10    Str: 20    XL:     9   Next: 62%
Magic:  9/9        EV: 15    Int:  8    God:    Trog [***...]
Gold:   315        SH:  0    Dex: 13    Spells: 8/8 levels left

rFire    . . .     SeeInvis .   a - +1 hand axe
rCold    . . .     Gourm    .   (no shield)
rNeg     . . .     Faith    .   A - +0 ring mail
rPois    +         Spirit   .   (no helmet)
rElec    .         Reflect  .   K - +0 cloak
rCorr    .         Harm     .   O - +0 pair of gloves
MR       .....                  x - +0 pair of boots
Stlth    +.........             (no amulet)
HPRegen  0.21/turn              s - ring of poison resistance
MPRegen  0.11/turn              U - +2 ring of evasion

@: no status effects
A: no striking features
a: Berserk, Trog's Hand, Burn Spellbooks, Renounce Religion


You were on level 6 of the Dungeon.
You worshipped Trog.
Trog was most pleased with you.
You were not hungry.

You visited 2 branches of the dungeon, and saw 7 of its levels.

You collected 315 gold pieces.

Inventory:

Hand Weapons
 a - a +1 hand axe (weapon)
 v - a +0 hand axe
 B - a +0 hunting sling
 I - a +0 mace of protection
 J - a +0 mace
 L - a +2 quarterstaff of chaos
 R - a +2 shortbow of velocity
 S - a +0 shortbow
Missiles
 k - 85 arrows
 l - 40 bolts
 C - 101 stones (quivered)
 F - 22 poisoned needles
Armour
 b - a +0 animal skin
 m - a +0 large shield
 n - a +0 robe
 p - a +0 robe
 w - a +0 leather armour
 x - a +0 pair of boots (worn)
 A - a +0 ring mail (worn)
 K - a +0 cloak (worn)
 M - a +0 ring mail
 O - a +0 pair of gloves (worn)
 T - a +0 pair of gloves
Jewellery
 s - a ring of poison resistance (left hand)
 U - a +2 ring of evasion (right hand)
Wands
 H - a wand of flame (24)
 N - a wand of random effects (14)
 Q - a wand of enslavement (22)
Scrolls
 d - a scroll of enchant weapon
 f - a scroll of identify
 g - a scroll of teleportation
 h - a scroll of fear
 j - 2 scrolls of magic mapping
 u - 2 scrolls of remove curse
 y - 2 scrolls of fog
 P - 2 scrolls of blinking {unknown}
 V - a scroll of random uselessness {unknown}
 X - a scroll of vulnerability {unknown}
 Y - a scroll of noise {unknown}
Potions
 e - 3 potions of heal wounds
 i - a potion of curing {unknown}
 o - 4 potions of degeneration
 q - 2 potions of lignification
 r - a potion of mutation {unknown}
 t - 2 potions of berserk rage
 z - a potion of resistance
 D - 2 potions of might {unknown}
 E - a potion of haste {unknown}
 G - a potion of ambrosia {unknown}
Comestibles
 c - 4 rations
 W - 2 chunks of flesh


   Skills:
 + Level 5.3 Fighting
 + Level 8.7 Axes
 + Level 6.1 Armour
 + Level 5.1 Dodging
 + Level 2.0 Stealth


You had 8 spell levels left.
You didn't know any spells.

Dungeon Overview and Level Annotations

Branches:
Dungeon (6/15)             Temple (1/1) D:5

Altars:
Ashenzari
Cheibriados
Elyvilon
Fedhas
Gozag
Hepliaklqana
Kikubaaqudgha
Makhleb
Nemelex Xobeh
Okawaru
Qazlal
Sif Muna
Trog
Uskayaw
Wu Jian
Xom
Yredelemnul
Zin
The Shining One


Message History

Things that are here:
a whip; a leather armour You start resting.
You hear the quick hiss of a very distant avalanche of sand.
You start resting.
Some of the chunks of flesh in your inventory have rotted away.
Things that are here:
a mace; a hand axe; an orc corpse The electric eel shoots out a bolt of lightning at you!
The bolt of electricity hits you!
The electric eel shoots out a bolt of lightning at you!
The bolt of electricity hits you!
The electric eel shoots out a bolt of lightning at you!
The bolt of electricity hits the plant.
The bolt of electricity hits you!
The electric eel shoots out a bolt of lightning at you!
The bolt of electricity hits the plant.
The bolt of electricity hits you!
* * * LOW HITPOINT WARNING * * *
The electric eel shoots out a bolt of lightning at you!
The bolt of electricity hits the plant.
The bolt of electricity hits you!
You die...

. ##. # ..#
#. #..
##..#.#### .
...#>... #.
#.#..#
P..♣..@.##
≈♣≈≈♣....#
≈≈≈≈≈≈....#
≈≈≈P≈≈....#
≈;≈≈.≈♣#..#
.≈≈≈≈♣ #)†#
≈.≈≈♣..##)###
..P. #.....>#
# ...
#.....#.#
.#.##


You could see an electric eel.

Vanquished Creatures
  Pikel (D:5)
  The ghost of soepske the Insei, a novice GnTm (D:5)
  Menkaure (D:4)
  A water moccasin (D:6)
  2 sky beasts (D:6)
  2 ogres (D:4)
  A centaur (D:5)
  A bullfrog (D:3)
  2 scorpions (D:4)
  A howler monkey (D:4)
  A centaur skeleton (D:5)
  Crazy Yiuf (D:4)
  A bullfrog skeleton (D:4)
  2 hounds
  A worker ant (D:4)
  11 gnolls
  8 adders
  An adder zombie (D:6)
  9 worms
  5 leopard geckos
  11 orcs
  A giant cockroach (D:4)
  18 goblins
  5 hobgoblins
  9 jackals
  18 kobolds
  6 quokkas
  A ball python (D:2)
  6 bats
  7 frilled lizards
  A jackal skeleton (D:5)
  A jackal zombie (D:5)
  A leopard gecko skeleton (D:4)
  A quokka skeleton (D:4)
  A quokka zombie (D:6)
  9 rats
  2 plants
151 creatures vanquished.

Vanquished Creatures (others)
  A phantom (D:5)
  A centaur (D:5)
  Blork the orc (D:5)
  An ooze (D:5)
  A jackal zombie (D:6)
5 creatures vanquished.

Grand Total: 156 creatures vanquished

Notes
Turn   | Place    | Note
-------+----------+-------------------------------------------
     0 | D:1      | teroshan the Human Berserker began the quest for the Orb.
     0 | D:1      | Reached XP level 1. HP: 18/18 MP: 1/1
   224 | D:1      | Reached XP level 2. HP: 15/24 MP: 2/2
   649 | D:1      | Reached ** piety under Trog
   974 | D:1      | Reached XP level 3. HP: 25/29 MP: 3/3
  1566 | D:2      | Reached XP level 4. HP: 11/35 MP: 4/4
  1729 | D:2      | Reached skill level 4 in Axes
  1878 | D:2      | Reached XP level 5. HP: 18/42 MP: 5/5
  2248 | D:2      | Found a blossoming altar of Fedhas.
  2740 | D:2      | Found a white marble altar of Elyvilon.
  2744 | D:2      | Found a deep blue altar of Sif Muna.
  2744 | D:2      | Found a shattered altar of Ashenzari.
  2745 | D:2      | Found a hazy altar of Hepliaklqana.
  3366 | D:3      | Reached *** piety under Trog
  3518 | D:3      | Noticed a bullfrog
  3526 | D:3      | Killed a bullfrog
  3526 | D:3      | Reached XP level 6. HP: 48/48 MP: 6/6
  3529 | D:3      | Reached skill level 5 in Axes
  3895 | D:4      | Noticed an ogre
  3903 | D:4      | Killed an ogre
  3903 | D:4      | Reached skill level 1 in Stealth
  3966 | D:4      | Reached XP level 7. HP: 28/54 MP: 7/7
  4261 | D:4      | Found a runed door.
  4265 | D:4      | Noticed Crazy Yiuf
  4281 | D:4      | Killed Crazy Yiuf
  4421 | D:4      | Found a snail-covered altar of Cheibriados.
  4457 | D:4      | Reached skill level 6 in Axes
  4807 | D:4      | Noticed Menkaure
  4815 | D:4      | Killed Menkaure
  4815 | D:4      | Reached XP level 8. HP: 22/61 MP: 8/8
  5080 | D:4      | Found a deep blue altar of Sif Muna.
  5192 | D:5      | Entered Level 5 of the Dungeon
  5256 | D:5      | Found a shattered altar of Ashenzari.
  5358 | D:5      | Found a glowing golden altar of the Shining One.
  5406 | D:5      | Noticed Pikel
  5432 | D:5      | Killed Pikel
  5432 | D:5      | Reached skill level 5 in Fighting
  5432 | D:5      | Reached skill level 7 in Axes
  5432 | D:5      | Reached skill level 5 in Armour
  5432 | D:5      | Reached XP level 9. HP: 35/68 MP: 9/9
  5657 | D:5      | Killed Blork the orc
  6012 | D:5      | Noticed soepske's ghost (novice GnTm)
  6056 | D:5      | Killed soepske's ghost
  6056 | D:5      | Reached skill level 8 in Axes
  6524 | D:5      | Found a staircase to the Ecumenical Temple.
  6540 | Temple   | Entered the Ecumenical Temple
  7307 | D:6      | Reached skill level 5 in Dodging
  7392 | D:6      | Found an iron altar of Okawaru.
  7780 | D:6      | Killed from afar by an electric eel

Skill      XL: |  1  2  3  4  5  6  7  8  9 |
---------------+----------------------------+-----
Axes           | 4 5 6 7 8 |  8.7
Dodging        | 3 4 5 |  5.1
Fighting       | 4 5 |  5.3
Stealth        | 1 2 |  2.0
Armour         | 3 5 6 |  6.1

Action                   |  1- 3 |  4- 6 |  7- 9 || total
-------------------------+-------+-------+-------++-------
Melee: Hand axe          |    85 |   276 |   322 ||   683
Invok: Berserk           |     1 |     3 |     3 ||     7
       Trog's Hand       |       |       |     2 ||     2
  Use: Potion            |       |     2 |     1 ||     3
       Scroll            |       |     4 |     6 ||    10
  Eat: Ration            |     1 |     2 |     4 ||     7
       Chunk             |       |     4 |     3 ||     7
Armor: Animal skin       |    12 |     7 |       ||    19
       Leather armour    |       |    23 |       ||    23
       Ring mail         |       |     6 |   105 ||   111
Dodge: Dodged            |    62 |   121 |   165 ||   348
